 Dungeon Crawl Stone Soup version 0.25-a0-737-g26c3a87c45 (webtiles) character file.

Game seed: 16428680551293724072, levelgen mode: deterministic

207 Esekla the Slasher (level 5, 0/40 HPs)
             Began as a Barachi Warper on Apr 12, 2020.
             Slain by an adder (4 damage)
             ... in a sewer.
             The game lasted 00:28:12 (2352 turns).

Esekla the Slasher (Barachi Warper)                 Turns: 2352, Time: 00:28:12

Health: 0/40       AC:  3    Str: 12    XL:     5   Next: 85%
Magic:  2/10       EV:  9    Int: 13    God:
Gold:   35         SH:  0    Dex: 13    Spells: 4/10 levels left

rFire    . . .     SeeInvis .   a - +0 falchion
rCold    . . .     Gourm    .   (no shield)
rNeg     . . .     Faith    .   b - +0 leather armour
rPois    .         Spirit   .   (no helmet)
rElec    .         Reflect  .   (no cloak)
rCorr    .         Harm     .   (no gloves)
MR       .....                  (no boots)
Stlth    +.........             (no amulet)
HPRegen  0.13/turn              (no ring)
MPRegen  0.12/turn              (no ring)

@: lethally poisoned (0 -> -5), can't hop, very slightly contaminated,
constricted, slow
A: +LOS, swims, slowness 1, strong legs 1
a: Hop


You were in a sewer.
You were not hungry.

You visited 1 branch of the dungeon, and saw 3 of its levels.
You also visited: Sewer.

You collected 35 gold pieces.

Inventory:

Hand Weapons
 a - a +0 falchion (weapon)
Missiles
 e - 5 boomerangs of dispersal (quivered)
Armour
 b - a +0 leather armour (worn)
Jewellery
 k - an uncursed ring of ice
Scrolls
 c - a scroll of magic mapping {unknown}
 d - a scroll of blinking
 g - a scroll of remove curse
 m - a scroll of fear {unknown}
 n - a scroll of fog {unknown}
 o - a scroll of teleportation {unknown}
Potions
 h - a potion of curing
 i - 3 potions of brilliance
 j - a potion of haste {unknown}
 l - a potion of heal wounds {unknown}
Comestibles
 f - 5 rations


   Skills:
 + Level 2.9 Fighting
 * Level 4.8 Long Blades
 + Level 1.0 Throwing
 + Level 1.9 Armour
 + Level 2.7 Dodging
 * Level 3.3 Spellcasting
 * Level 1.1 Conjurations
 * Level 1.5 Charms
 + Level 3.3 Translocations


You had 4 spell levels left.
You knew the following spells:

 Your Spells              Type           Power        Failure   Level  Hunger
b - Blink                 Tloc           N/A          11%         2    ##.....
e - Searing Ray           Conj           #.....       26%         2    ##.....
g - Shroud of Golubria    Chrm/Tloc      #.....       16%         2    ##.....

Your spell library contained the following spells:

 Spells                   Type           Power        Failure   Level  Hunger
 Magic Dart               Conj           #...         19%         1    #......
 Gell's Gravitas          Tloc           ##........   22%         3    ###....
 Lesser Beckoning         Tloc           ##........   22%         3    ###....
 Teleport Other           Tloc           ##......     22%         3    ###....
 Dazzling Flash           Conj/Hex       #.....       56%         3    ###....
 Passage of Golubria      Tloc           N/A          56%         4    #####..
 Iskenderun's Mystic Bla  Conj/Tloc      #.......     73%         4    #####..
 Fulminant Prism          Conj/Hex       #.........   92%         4    #####..


Dungeon Overview and Level Annotations

Branches:
Dungeon (3/15)              Sewer (1/1)

Altars:
Makhleb

Annotations:
D:2 Terence


Innate Abilities, Weirdness & Mutations

You can be seen from farther away. (+LOS)
You can swim through water.
You cover ground slowly.
You can hop short distances.


Message History

The bullfrog barely misses you.
You riposte.
You barely miss the bullfrog.
The bullfrog is moderately wounded.
The ball python bites you.
* * * LOW HITPOINT WARNING * * *
The ball python grabs you. The ball python constricts you.
The adder closely misses you.
You riposte.
You hit the adder.
The adder is moderately wounded.
The ball python bites you but does no damage. x2
* * * LOW HITPOINT WARNING * * *
The ball python constricts you.
The ball python's grasp on you weakens, but your attempt to escape fails.
The adder bites you.
* * * LOW HITPOINT WARNING * * *
You are lethally poisoned!
The adder poisons you!
The ball python bites you but does no damage.
The ball python constricts you.
The ball python bites you but does no damage.
The adder bites you.
You die...

###################
#≈≈≈≈†≈≈≈≈≈≈≈≈≈≈#.###
≈≈≈≈#≈..≈≈≈≈≈≈≈....##
.≈≈≈≈≈≈#≈≈#≈≈≈≈≈≈≈....#
.≈≈J≈≈≈J≈≈≈≈≈≈≈≈l≈....#
.≈≈≈≈≈≈≈≈≈≈≈≈≈SSS.....##
.#≈≈≈≈≈≈≈≈≈≈≈≈FS@......#
##################....#
####...## #..#....#
#.†'.÷..# #####...#
##...##
###################....#
..≈≈≈≈≈≈≈≈≈#≈≈≈≈≈#.....#


You could see a bullfrog, an adder, 3 ball pythons and a frilled lizard.

Vanquished Creatures
  A bullfrog (Sewer)
  4 adders
  3 river rats (Sewer)
  2 worms
  A dart slug (D:1)
  4 leopard geckos (D:3)
  7 bats
  5 giant cockroaches
  4 goblins
  4 hobgoblins
  A quokka (D:2)
  10 ball pythons
  6 frilled lizards
  5 kobolds
  31 rats
88 creatures vanquished.

Notes
Turn   | Place    | Note
-------+----------+-------------------------------------------
     0 | D:1      | Esekla the Barachi Warper began the quest for the Orb.
     0 | D:1      | Reached XP level 1. HP: 17/17 MP: 3/3
   198 | D:1      | Reached XP level 2. HP: 21/23 MP: 5/5
   626 | D:2      | Reached skill level 3 in Long Blades
   637 | D:2      | Reached XP level 3. HP: 27/28 MP: 7/7
   689 | D:2      | Found a burning altar of Makhleb.
   700 | D:2      | Learned a level 2 spell: Shroud of Golubria
   703 | D:2      | Learned a level 2 spell: Blink
  1140 | D:2      | Noticed Terence
  1388 | D:2      | Reached XP level 4. HP: 20/34 MP: 8/8
  1554 | D:3      | Learned a level 2 spell: Searing Ray
  1623 | D:3      | Reached skill level 4 in Long Blades
  1649 | D:3      | Found a glowing drain.
  1724 | Sewer    | Entered a sewer
  1950 | Sewer    | Reached XP level 5. HP: 35/40 MP: 3/9
  2047 | Sewer    | Reached skill level 1 in Charms
  2339 | Sewer    | Reached skill level 1 in Conjurations
  2352 | Sewer    | Slain by an adder

Levels and vault maps discovered:
D:1:      lightli_arrival_flooded_house, layout_basic
D:2:      layout_loops_cross, lemuel_crystal_altar, uniq_terence,
          uniq_crazy_yiuf_cottage
D:3:      layout_loops_ring, gup_sewer_entry_pipe, ebering_ghost_disaster_area
Sewer:    sewer_minmay_w

Skill      XL: |  1  2  3  4  5 |
---------------+----------------+-----
Long Blades    | 3 4 |  4.8
Spellcasting   | 3 |  3.3
Charms         | 1 |  1.5
Conjurations   | 1 |  1.1
Fighting       | |  2.9
Throwing       | |  1.0
Armour         | |  1.9
Dodging        | |  2.7
Translocations | |  3.3

Action                   |  1- 3 |  4- 6 || total
-------------------------+-------+-------++-------
Melee: Falchion          |   110 |   112 ||   222
 Cast: Shroud of Golubri |     1 |     8 ||     9
       Searing Ray       |       |     4 ||     4
 Abil: Hop               |     1 |     3 ||     4
  Use: Scroll            |       |     4 ||     4
       Potion            |       |     1 ||     1
  Eat: Chunk             |     2 |     5 ||     7
Armor: Leather armour    |    42 |    31 ||    73
Dodge: Dodged            |    73 |   113 ||   186
       Rpst.: Falchion   |    21 |    36 ||    57

Table legend:
 A = Non-vault XP
 B = Vault XP
 C = Vault XP percentage of total XP
 D = Non-vault monster count
 E = Vault monster count
 F = Vault count percentage of total count
                 A         B        C        D         E       F
            +---------+---------+-------+---------+---------+-------
      Total |      88 |     209 |  70.4 |      39 |      49 |  55.7
            +---------+---------+-------+---------+---------+-------
        D:1 |      24 |       0 |   0.0 |      16 |       0 |   0.0
        D:2 |      58 |       0 |   0.0 |      21 |       0 |   0.0
        D:3 |       6 |      20 |  76.9 |       2 |       8 |  80.0
      Sewer |       0 |     189 | 100.0 |       0 |      41 | 100.0
            +---------+---------+-------+---------+---------+-------
